 Dungeon Crawl Stone Soup version 0.18.1-48-g4cf74bf (webtiles) character file.

219 vale the Sneak (level 5, -1/31 HPs)
             Began as an Octopode Ice Elementalist on Aug 17, 2016.
             Splashed by a jelly's acid (7 damage)
             ... on level 3 of the Dungeon.
             The game lasted 00:13:15 (3807 turns).

vale the Sneak (Octopode Ice Elementalist)          Turns: 3807, Time: 00:13:16

Health: -1/31      AC:  5    Str:  8    XL:     5   Next: 96%
Magic:  10/10      EV: 12    Int: 18    God:
Gold:   210        SH:  0    Dex: 11    Spells: 3 memorised, 3 levels left

rFire  . . .     SeeInvis .     h - +0 dagger
rCold  . . .     Gourm    .     (no shield)
rNeg   . . .     Faith    .     (helmet restricted)
rPois  .         Spirit   .     (no amulet)
rElec  .         Dismiss  .     (no ring)
rCorr  .         Reflect  .     (no ring)
SustAt .         Harm     .     (no ring)
MR     .....                    (no ring)
Stlth  ++++......               (no ring)
                                (no ring)
                                (no ring)
                                (no ring)

@: flying, slowed, drained, very slow, not resistant to hostile enchantments,
stealthy
A: almost no armour, amphibious, 8 rings, constrict 8, rough black scales 1,
camouflage 1, gelatinous body 1
a: no special abilities


You were on level 3 of the Dungeon.
You were not hungry.

You visited 1 branch of the dungeon, and saw 4 of its levels.

You collected 210 gold pieces.

Inventory:

Hand Weapons
 h - a +0 dagger (weapon)
 v - a +0 spear
Missiles
 n - 8 poisoned needles
 p - 108 stones (quivered)
 y - 3 curare-tipped needles
Jewellery
 k - an uncursed ring of magical power {unknown}
 w - an uncursed ring of poison resistance {unknown}
Scrolls
 e - a scroll of blinking {unknown}
 f - 2 scrolls of immolation {unknown}
 g - 8 scrolls of teleportation {unknown}
 o - 2 scrolls of fear {unknown}
 q - a scroll of magic mapping {unknown}
 r - 5 scrolls of identify {unknown}
 x - a scroll of fog {unknown}
Potions
 d - a potion of flight
 z - a potion of resistance {unknown}
 A - a potion of invisibility {unknown}
Books
 a - a book of Frost

   Spells                             Type                      Level
   a - Freeze                         Ice                          1
   b - Throw Frost                    Conjuration/Ice              2
   c - Ozocubu's Armour               Charms/Ice                   3
   d - Throw Icicle                   Conjuration/Ice              4
   e - Summon Ice Beast               Ice/Summoning                4
Comestibles
 b - 4 bread rations {@e1}
 c - 3 beef jerkies
 l - 3 slices of pizza
 t - a chunk of flesh {@w0}
 u - 5 fruits


   Skills:
 - Level 2.0(1.2) Dodging
 + Level 4.6(3.8) Stealth
 * Level 3.9(3.1) Spellcasting
   Level 1.0(0.2) Conjurations
 - Level 4.3(3.5) Ice Magic


You had 3 spell levels left.
You knew the following spells:

 Your Spells              Type           Power        Failure   Level  Hunger
a - Freeze                Ice            ###.         4%          1    None
b - Ozocubu's Armour      Chrm/Ice       #.......     24%         3    ###....
c - Summon Ice Beast      Ice/Summ       #.......     78%         4    ####...


Dungeon Overview and Level Annotations

Branches:
Dungeon (4/15)
 Temple: D:4-7

Altars:

Annotations:
D:3 exclusions: hobgoblin and 1 more exclusion, Robin


Innate Abilities, Weirdness & Mutations

You cannot wear most types of armour.
You are amphibious.
You can wear up to eight rings at the same time.
You can use your tentacles to constrict eight enemies at once.
Your skin changes colour to match your surroundings (Stealth).
Your rubbery body absorbs attacks (AC +1).
You are partially covered in rough black scales (AC +4, Dex -1).


Message History

You feel yourself slow down. The jelly closely misses you.
Drink which item? (? for menu, Esc to quit)
It was a potion of mutation.
You feel extremely strange.
You begin to heal more quickly.
Your rate of healing slows.
Rough black scales grow over part of your body.
The jelly closely misses you.
Drink which item? (? for menu, Esc to quit)
It was a potion of magic.
Magic courses through your body. The jelly hits you but does no damage.
The orc wizard completely misses you. The jelly hits you but does no damage.
MP restored: 10 The orc wizard hits you but does no damage.
The orc wizard gestures at you while chanting.
The magic dart hits you!
* * * LOW HITPOINT WARNING * * *
You take 4 damage, and have 7/31 hp.
The orc wizard closely misses you. The jelly hits you.
* * * LOW HITPOINT WARNING * * *
You are splashed with acid!
The acid burns!
You die...

........# #.##.......# #.....
........# #.##.......# #.....
...[....# #.##...>...# #.....
.....#'## #.##....[..# ########..
####.#.# #.##.......# #.........
####.#.####.##.......###.........
...<.#....#.##..................#
.....####.#.##.Jo....####.##.####
............##..@.).(..........#
.....###.#######.#.#...........#
.....# #.#.....#.#.#...........#
...).###+#...#.#.#.#...........#
#..........#.#.#.#.#...........#
#.........##.#.#.#.#.###########
#....รท....+....#.#.#.#
#....##### #.........##.#.#.....#
#....#.... #...........<#.###.###
#....#.##.


You could see a jelly and an orc wizard.

Vanquished Creatures
  A howler monkey (D:4)
  10 adders
  A worm (D:2)
  2 dart slugs (D:1)
  2 giant geckos
  4 orcs
  A ball python (D:1)
  6 bats
  5 giant cockroaches
  10 goblins
  6 hobgoblins
  3 jackals (D:2)
  5 quokkas
  A giant gecko skeleton (D:4)
  2 giant newts
  10 kobolds
  8 rats
77 creatures vanquished.

Notes
Turn   | Place    | Note
--------------------------------------------------------------
     0 | D:1      | vale the Octopode Ice Elementalist began the quest for the Orb.
     0 | D:1      | Reached XP level 1. HP: 11/11 MP: 3/3
   170 | D:1      | Reached XP level 2. HP: 15/17 MP: 1/5
   834 | D:1      | Reached XP level 3. HP: 21/21 MP: 4/6
  1006 | D:2      | Learned a level 3 spell: Ozocubu's Armour
  1926 | D:2      | Reached XP level 4. HP: 27/27 MP: 5/7
  2482 | D:3      | Learned a level 4 spell: Summon Ice Beast
  2687 | D:3      | Noticed Robin
  2933 | D:3      | Reached XP level 5. HP: 31/31 MP: 6/9
  3803 | D:3      | Gained mutation: Your natural rate of healing is unusually fast. [potion of mutation]
  3803 | D:3      | Lost mutation: Your natural rate of healing is unusually fast. [potion of mutation]
  3803 | D:3      | Gained mutation: You are partially covered in rough black scales (AC +4, Dex -1). [potion of mutation]
  3807 | D:3      | Splashed by a jelly's acid

Skill      XL: |  1  2  3  4  5 |
---------------+----------------+-----
Ice Magic      | 4 |  4.3
Stealth        | 3 4 |  4.6
Spellcasting   | 3 |  3.9
Dodging        | |  2.0
Conjurations   | |  1.0

Action                   |  1- 3 |  4- 6 || total
-------------------------+-------+-------++-------
Melee: Unarmed           |     1 |       ||     1
       Dagger            |    19 |    17 ||    36
       Constrict         |     4 |     6 ||    10
       Tentacles         |     1 |     1 ||     2
Throw: Javelin           |     6 |     7 ||    13
       Tomahawk          |     1 |     8 ||     9
       Stone             |       |     8 ||     8
 Cast: Freeze            |    36 |    57 ||    93
       Ozocubu's Armour  |     2 |       ||     2
  Use: Potion            |       |     3 ||     3
 Stab: Sleeping          |     6 |     7 ||    13
  Eat: Chunk             |     4 |     6 ||    10
Armor: Skin              |     4 |    10 ||    14
Dodge: Dodged            |    17 |    49 ||    66
